Map: Lightshade LE

Players

Seither

  • Race: Terran Terran
  • League: Master
  • Spawn Location: 11:00

jheffe - Winner!

  • Race: Terran Terran
  • League: Master
  • Spawn Location: 5:00

VOD

Have the link to the VOD?

Description

Time

  • Played on: Feb. 3, 2021, 12:26 a.m.
  • Length: 10:11
Show
View Real Time Build Order
Export as new Build Order

Seither Terran 

Build Orders:  

Get SALT Encoding   

  12  0:00  SCV  
  13  0:12  SCV  
  14  0:19  Supply Depot  
  14  0:25  SCV  
  15  0:40  SCV  
  15  0:41  Barracks  
  16  0:46  Refinery  
  16  0:53  SCV  
  16  0:56  Refinery  
  17  1:05  SCV  
  18  1:17  SCV  
  19  1:31  Orbital Command, Supply Depot, Reaper  
  20  1:43  Factory  
  20  1:57  SCV  
  21  2:03  Reaper  
  22  2:09  SCV  
  23  2:21  SCV  
  24  2:28  Hellion  
  26  2:31  Command Center  
  26  2:33  SCV  
  26  2:36  Reaper  
  28  2:41  Supply Depot  
  28  2:45  SCV  
  28  2:49  Starport  
  29  2:54  Hellion  
  31  3:03  SCV  
  32  3:10  Barracks Reactor  
  32  3:15  SCV  
  32  3:17  Factory Tech Lab  
  33  3:23  Refinery  
  33  3:27  SCV  
  33  3:30  Starport Tech Lab  
  34  3:36  Cyclone  
  34  3:39  SCV  
  38  3:48  Orbital Command  
  36  3:51  Marine x2, SCV  
  39  3:58  Raven  
  41  4:03  SCV  
  41  4:09  Marine x2  
  44  4:14  Siege Tank  
  44  4:15  SCV  
  48  4:18  SCV  
  48  4:22  Supply Depot  
  49  4:26  Marine  
  49  4:27  Marine  
  49  4:28  SCV  
  52  4:31  SCV  
  53  4:39  Command Center  
  53  4:40  SCV  
  53  4:45  Marine x2  
  55  4:46  Raven  
  58  4:55  SCV x2  
  60  5:01  Supply Depot  
  60  5:03  Refinery  
  60  5:04  Marine  
  60  5:05  Marine  
  62  5:10  Supply Depot  
  62  5:21  Supply Depot  
  62  5:23  Siege Tank, SCV x2  
  62  5:27  Supply Depot  
  67  5:35  SCV x2  
  69  5:38  Barracks  
  69  5:40  Marine, Barracks  
  69  5:41  Stimpack  
  70  5:47  SCV x2  
  70  5:49  Viking  
  71  5:52  Viking  
  71  5:56  Orbital Command  
  73  6:02  SCV x2  
  75  6:04  Siege Tank  
  75  6:07  Marine  
  79  6:14  SCV x2  
  81  6:22  Engineering Bay x2  
  81  6:25  SCV  
  82  6:26  SCV  
  82  6:28  Barracks Reactor x2  
  82  6:30  Viking  
  85  6:33  SCV  
  85  6:37  SCV  
  87  6:45  Marine  
  87  6:46  Siege Tank  
  89  6:49  Terran Infantry Armor Level 1, Terran Infantry Weapons Level 1  
  89  6:50  Orbital Command  
  89  6:51  Supply Depot  
  89  7:01  SCV x2  
  91  7:07  Marine x3  
  91  7:08  Viking x2, Marine x2  
  95  7:13  SCV x2  
  99  7:17  SCV  
  99  7:19  Supply Depot  
  99  7:20  Siege Tank  
  99  7:22  Supply Depot  
  103  7:25  SCV  
  103  7:28  Combat Shield, Marine  
  103  7:29  Marine  
  106  7:30  Barracks  
  106  7:31  Barracks  
  106  7:35  SCV  
  106  7:36  SCV  
  108  7:37  Refinery, SCV  
  108  7:39  Refinery  
  108  7:42  Armory  
  108  7:46  Medivac x2  
  108  7:49  SCV x2  
  109  8:00  Marine x3  
  109  8:01  Marine  
  113  8:07  Marine  
  113  8:08  Siege Tank  
  113  8:12  SCV x3  
  120  8:18  Sensor Tower, Marine x2  
  116  8:26  Marine x5  
  103  8:36  Marine x2  
  103  8:37  SCV x3  
  103  8:40  Siege Tank  
  101  8:43  Marine  
  101  8:44  Marine x2  
  104  8:49  Barracks Reactor x2, SCV x3  
  104  8:52  Supply Depot  
  104  8:54  Supply Depot, Marine x2  
  107  9:01  Marine x2, SCV  
  107  9:02  SCV x2  
  112  9:09  Factory  
  112  9:11  Marine  
  112  9:12  Siege Tank, Marine  
  112  9:13  SCV  
  112  9:14  SCV x2  
  112  9:15  Barracks Reactor  
  120  9:23  Command Center  
  120  9:27  Marine x6  
  120  9:30  Supply Depot x2  
  114  9:42  Marine x2  
  114  9:45  Marine x4  
Show
View Real Time Build Order
Export as new Build Order

jheffe Terran - Winner!

Build Orders:  

Get SALT Encoding   

  12  0:00  SCV  
  13  0:12  SCV  
  14  0:17  Supply Depot  
  14  0:24  SCV  
  15  0:39  SCV  
  15  0:41  Barracks  
  16  0:43  Refinery  
  16  0:51  SCV  
  16  0:52  Refinery  
  17  1:03  SCV  
  18  1:15  SCV  
  19  1:28  Orbital Command, Reaper  
  19  1:29  Supply Depot  
  20  1:42  Factory  
  21  1:54  SCV  
  21  2:00  Reaper  
  22  2:06  SCV  
  23  2:15  Command Center  
  23  2:18  SCV  
  24  2:26  Hellion  
  26  2:33  Supply Depot  
  26  2:34  SCV  
  27  2:37  Barracks Tech Lab  
  27  2:43  Starport  
  27  2:47  SCV  
  28  2:59  SCV  
  28  3:00  Cyclone  
  32  3:06  Refinery  
  32  3:07  Barracks Tech Lab  
  32  3:12  SCV  
  33  3:24  SCV  
  34  3:27  Orbital Command  
  34  3:30  Raven  
  36  3:36  SCV  
  37  3:46  Cyclone  
  37  3:48  SCV  
  41  3:49  Barracks Reactor  
  41  3:54  SCV  
  42  4:00  SCV  
  43  4:05  Command Center  
  43  4:06  SCV  
  44  4:12  SCV  
  44  4:15  Raven  
  44  4:16  Supply Depot  
  47  4:19  SCV  
  48  4:24  SCV  
  48  4:28  Refinery  
  48  4:29  Siege Tank  
  52  4:31  SCV  
  52  4:36  SCV  
  52  4:37  Marine  
  55  4:39  Supply Depot, Marine  
  55  4:43  SCV  
  57  4:48  SCV  
  58  4:55  SCV  
  59  5:00  SCV  
  59  5:06  Siege Tank  
  59  5:07  Viking x2  
  65  5:08  SCV  
  65  5:12  Stimpack  
  65  5:13  SCV  
  69  5:20  SCV  
  70  5:24  Orbital Command  
  70  5:25  SCV  
  71  5:32  SCV  
  72  5:37  SCV  
  72  5:38  Siege Tank  
  72  5:40  Barracks x2  
  76  5:44  SCV  
  76  5:47  Viking  
  76  5:48  Viking  
  76  5:49  SCV  
  82  5:52  Orbital Command  
  82  5:56  SCV  
  83  6:00  Engineering Bay x2  
  83  6:01  SCV  
  83  6:04  Supply Depot x2  
  84  6:08  SCV  
  85  6:13  SCV  
  85  6:14  Barracks  
  85  6:15  Marine, Barracks  
  87  6:20  SCV  
  87  6:21  SCV  
  87  6:25  SCV  
  90  6:29  Barracks Reactor x2  
  90  6:32  SCV  
  89  6:33  SCV  
  89  6:35  Refinery  
  89  6:36  Refinery  
  89  6:37  SCV  
  89  6:39  Terran Infantry Armor Level 1, Terran Infantry Weapons Level 1  
  91  6:43  Supply Depot  
  91  6:44  SCV  
  91  6:45  SCV  
  93  6:48  Siege Tank  
  93  6:49  SCV  
  96  6:56  SCV  
  96  6:57  SCV  
  95  7:04  SCV  
  95  7:05  Marine  
  95  7:06  Combat Shield, Marine  
  95  7:07  Marine x2  
  95  7:08  Barracks Reactor  
  100  7:11  Barracks Reactor  
  100  7:12  Medivac x2  
  103  7:16  SCV  
  103  7:17  Armory  
  104  7:23  Sensor Tower  
  104  7:29  Marine x4  
  108  7:34  Marine  
  108  7:36  Siege Tank  
  112  7:41  Supply Depot x2  
  112  7:42  Supply Depot  
  112  7:46  Marine, Command Center  
  112  7:47  Marine  
  114  7:56  Marine x3  
  114  7:57  Marine x2  
  117  8:02  Marine x2  
  117  8:04  Marine  
  120  8:07  Marine  
  120  8:11  Viking x2  
  125  8:14  Marine x4  
  125  8:15  Marine  
  130  8:20  Marine x2  
  130  8:24  Marine  
  130  8:25  Marine  
  124  8:28  Siege Tank  
  124  8:31  Marine  
  124  8:32  Marine x3  
  121  8:40  Marine x3  
  121  8:41  Medivac x2, Marine  
  123  8:42  Marine  
  119  8:49  Marine x3  
  119  8:50  Marine  
  119  8:53  Factory  
  123  8:56  Barracks  
  123  8:57  Barracks  
  123  8:58  Barracks  
  123  8:59  Planetary Fortress  
  123  9:00  Siege Tank  
  123  9:02  SCV  
  127  9:03  Sensor Tower  
  127  9:04  SCV  
  127  9:06  SCV  
  129  9:10  Marine  
  129  9:11  Medivac  
  131  9:29  Marine x2  
  131  9:30  Marine x3  
  136  9:34  Siege Tank, Marine  
  136  9:35  Marine x3  
  137  9:47  Marine x3  
  137  9:48  Marine x2  
  137  9:50  Factory Tech Lab  
  137  9:52  Marine  
  130  9:53  Marine x3  
Tags
 
Add a new tag
Caveats
  • Supply blocks, unpowered buildings, or Contaminate may cause inaccurate times.
  • Supply counts are checked every 10 seconds.